 Dungeon Crawl Stone Soup version 0.28.0-53-g5a82cb258f (webtiles) character file.

Game seed: 17893742027450657838

37 Zeld the Skirmisher (level 3, 0/33 HPs)
             Began as a Minotaur Berserker on May 29, 2022.
             Was a Follower of Trog.
             Succumbed to an adder's poison
             ... on level 1 of the Dungeon.
             The game lasted 00:00:39 (1565 turns).

Zeld the Skirmisher (Minotaur Berserker)            Turns: 1565, Time: 00:00:40

Health: 0/33       AC:  2    Str: 23    XL:     3   Next: 21%
Magic:  2/2        EV: 12    Int:  4    God:    Trog [*.....]
Gold:   89         SH:  0    Dex:  9    Spells: 2/2 levels left

rFire   . . .      SeeInvis .   a - +0 hand axe
rCold   . . .      Faith    .   (no shield)
rNeg    . . .      Spirit   .   b - +0 animal skin
rPois   .          Reflect  .   (helmet restricted)
rElec   .          Harm     .   (no cloak)
rCorr   .          Rampage  .   (no gloves)
Will    .....                   (no boots)
Stlth   +.........              (no amulet)
HPRegen 0.11/turn               (no ring)
MPRegen 0.08/turn               (no ring)

@: lethally poisoned (0 -> -10)
A: horns 2, retaliatory headbutt
a: Renounce Religion, Berserk


You were on level 1 of the Dungeon.
You worshipped Trog.
Trog was aware of your devotion.
You visited 1 branch of the dungeon, and saw 2 of its levels.

You collected 89 gold pieces.

Inventory:

Hand Weapons
 a - a +0 hand axe (weapon)
Armour
 b - a +0 animal skin (worn)
Jewellery
 e - an amulet of faith
Scrolls
 d - a scroll of identify {unknown}
Potions
 c - a potion of berserk rage {unknown}
 f - a potion of curing {unknown}


   Skills:
 * Level 4.2 Fighting
 * Level 4.2 Axes
 + Level 2.8 Armour
 + Level 2.6 Dodging


You had 2 spell levels left.
You didn't know any spells.
Your spell library was empty.

Dungeon Overview and Level Annotations

Branches:
Dungeon (2/15)

Altars:


Innate Abilities, Weirdness & Mutations

You have a pair of horns on your head.
You reflexively headbutt those who attack you in melee.


Message History

A ball python comes into view.
The goblin closely misses you.
You closely miss the adder. You hit the goblin.
You kill the goblin!
Trog accepts your kill. The adder bites you. x2
You are poisoned.
The adder poisons you!
You closely miss the adder.
You feel sick. The adder bites you but does no damage.
You hit the adder. Your headbutt misses the adder.
The adder is moderately wounded.
You feel sick. The adder bites you.
A worm comes into view.
You miss the adder.
The adder is moderately wounded.
You feel sick. The adder misses you.
A ball python comes into view.
The adder bites you.
You are too injured to fight recklessly!
The ball python hisses angrily.
You hit the adder.
The adder is heavily wounded.
You feel sick.
You are no longer poisoned.
The adder bites you.
You are poisoned.
The adder poisons you!
You feel sick.
The ball python bites you but does no damage.
The ball python grabs you. The ball python constricts you.
The ball python barely misses you. The ball python constricts you.
There is a stone staircase leading up here.
You escape the ball python's grasp.
You feel sick. The adder closely misses you. The adder bites you.
* * * LOW HITPOINT WARNING * * *
You are lethally poisoned!
The adder poisons you!
You climb upwards.
You die...

#.###.#.#†........##..)......#
##.......#.##.##.........####.#
.#.###.#.#............#####.#.##
##.#####.#..##.#..♣♣### #....##
.......#.#..##.#..♣♣♣8### #.#....
.......#.#..##.#..♣♣<.'.# #.##.##
.#.###.#..........♣♣♣8#.# #.##.##
.#...#.####.......♣♣###.# #.##.##
.#..............@S......# #.#....
.#.#.#.#####....S##.###.###.#####
.....#.......................#
.....#.#####.....##.###.######
..#..#.# #.....##.# #.# ..#....#
#.....##.# #.# ..#..#.#
#.....##.###.# ..#..#.#
#.....##.#.#.# #.#.##.#
##.........#.#


You could see an adder and a ball python.

Vanquished Creatures
  A gnoll (D:1)
  A dart slug (D:1)
  2 bats (D:1)
  4 endoplasms (D:1)
  2 giant cockroaches (D:1)
  A goblin (D:2)
  2 hobgoblins (D:1)
  A quokka (D:1)
  2 ball pythons (D:1)
  2 frilled lizards (D:1)
  4 kobolds (D:1)
  3 rats (D:1)
25 creatures vanquished.

Notes
Turn   | Place    | Note
-------+----------+-------------------------------------------
     0 | D:1      | Zeld the Minotaur Berserker began the quest for the Orb.
     0 | D:1      | Reached XP level 1. HP: 19/19 MP: 0/0
   497 | D:1      | Reached XP level 2. HP: 27/27 MP: 1/1
  1070 | D:1      | Reached XP level 3. HP: 33/33 MP: 2/2
  1565 | D:1      | Succumbed to an adder's poison

Illustrated notes

Levels and vault maps discovered:
D:1:      saegor_arrival_simple_b, layout_basic
D:2:      layout_rooms, dreamdust_ecumenical_altar_sealed_demon,
          kennysheep_generic_room_2, uniq_jessica, uniq_robin, uniq_terence

Skill      XL: |  1  2 |
---------------+-------+-----
Axes           | 4 |  4.2
Fighting       | 4 |  4.2
Armour         | |  2.8
Dodging        | |  2.6

Action                   || total
-------------------------++-------
Melee: Hand axe          ||    50
       Headbutt          ||     6
Armor: Animal skin       ||    11
Dodge: Dodged            ||    30
